Map: [ESL] Berlingrad

Players

Maru

  • Race: Terran Terran

Serral - Winner!

  • Race: Zerg Zerg

Event: IEM Katowice 2022

VOD

https://youtu.be/0C6xMt6p6NI

Description

Time

  • Played on: Feb. 26, 2022, 4:45 p.m.
  • Length: 14:02

All games in this series

Show
View Real Time Build Order
Export as new Build Order

Maru Terran 

Build Orders: Hellion Opening, Reaper Expand 

Get SALT Encoding   

  12  0:00  SCV  
  13  0:12  SCV  
  14  0:17  Supply Depot  
  14  0:25  SCV  
  15  0:38  SCV  
  15  0:40  Barracks  
  16  0:42  Refinery  
  16  0:50  SCV  
  17  1:03  SCV  
  18  1:15  SCV  
  19  1:27  Reaper, Orbital Command  
  20  1:37  Command Center  
  20  1:47  Supply Depot  
  20  1:53  SCV  
  21  1:58  Marine  
  22  2:05  SCV  
  23  2:10  Factory  
  23  2:17  SCV  
  23  2:20  Barracks Reactor  
  25  2:30  SCV  
  25  2:35  Command Center  
  25  2:42  SCV  
  26  2:49  Orbital Command  
  26  2:54  SCV  
  27  3:05  Starport  
  27  3:06  SCV, Refinery  
  28  3:14  Hellion x2  
  28  3:16  SCV  
  28  3:18  SCV  
  34  3:28  SCV, Barracks Tech Lab  
  34  3:30  SCV  
  36  3:35  Hellion x2  
  36  3:40  SCV  
  41  3:42  SCV, Viking  
  41  3:48  Orbital Command  
  44  3:49  Marine  
  44  3:52  SCV  
  46  3:58  Hellion x2  
  46  4:00  SCV  
  51  4:03  Supply Depot  
  51  4:06  SCV  
  52  4:12  SCV, Liberator  
  52  4:13  SCV  
  57  4:18  SCV  
  57  4:21  Marine  
  57  4:23  Hellion, Stimpack  
  61  4:25  SCV, Hellion  
  61  4:26  Supply Depot  
  64  4:32  Orbital Command  
  64  4:33  SCV  
  64  4:35  Refinery  
  64  4:37  SCV  
  66  4:45  SCV  
  67  4:49  Barracks x2, SCV  
  67  4:51  Engineering Bay x2  
  68  4:53  Supply Depot  
  68  4:55  Starport Reactor  
  68  4:57  SCV, Factory Reactor  
  68  4:58  SCV  
  70  5:01  SCV  
  70  5:02  Marine  
  72  5:09  SCV  
  72  5:12  SCV  
  74  5:16  SCV  
  74  5:19  Supply Depot, Marine  
  74  5:20  Supply Depot  
  76  5:21  SCV  
  76  5:22  Barracks  
  76  5:23  Barracks  
  76  5:25  SCV  
  76  5:28  Terran Infantry Armor Level 1, Terran Infantry Weapons Level 1  
  78  5:30  SCV  
  78  5:33  Refinery  
  79  5:37  Marine  
  79  5:39  Factory Tech Lab, Medivac x2  
  84  5:49  Marine x3  
  87  5:50  SCV x3  
  87  5:55  Marine  
  91  6:02  SCV x3, Marine  
  91  6:03  Siege Tank  
  98  6:05  Supply Depot  
  98  6:08  Supply Depot  
  98  6:09  Combat Shield  
  95  6:14  SCV x3  
  95  6:16  Marine x2  
  95  6:17  Marine  
  101  6:20  Barracks Reactor x2  
  101  6:27  SCV  
  101  6:28  Supply Depot  
  101  6:29  SCV  
  101  6:30  SCV  
  104  6:33  Supply Depot  
  104  6:38  Marine x2  
  104  6:39  SCV, Marine x2  
  109  6:40  Marine  
  109  6:41  SCV  
  109  6:42  SCV  
  109  6:43  Refinery  
  109  6:44  Medivac x2  
  116  6:51  SCV  
  116  6:52  Siege Tank  
  120  7:00  SCV, Command Center  
  121  7:05  Marine x2  
  121  7:06  Marine x5  
  121  7:07  Marine  
  129  7:12  Supply Depot  
  129  7:13  SCV, Refinery  
  130  7:20  Factory, Sensor Tower  
  130  7:23  SCV  
  130  7:25  Supply Depot, Marine x2  
  133  7:33  Supply Depot, SCV, Marine x4, Siege Tank  
  141  7:41  Armory  
  141  7:42  Supply Depot  
  141  7:46  Marine x2  
  143  7:51  Marine x2  
  143  7:52  Marine x2  
  147  7:58  SCV  
  147  7:59  SCV  
  147  8:00  Supply Depot, Barracks  
  147  8:01  Barracks x2, Medivac x2  
  147  8:05  SCV, Siege Tank  
  154  8:06  Factory Tech Lab  
  154  8:10  Supply Depot, SCV  
  158  8:15  Marine  
  158  8:16  Marine  
  158  8:19  SCV x2  
  157  8:22  SCV  
  157  8:23  Marine x2  
  157  8:24  Marauder, Marine  
  157  8:25  Siege Tank  
  166  8:29  Terran Infantry Armor Level 2, Terran Infantry Weapons Level 2  
  166  8:31  SCV  
  166  8:32  SCV  
  168  8:35  SCV  
  168  8:40  Planetary Fortress  
  169  8:41  Refinery  
  169  8:42  Refinery  
  169  8:43  SCV  
  169  8:45  SCV  
  171  8:52  Barracks Tech Lab x3  
  171  8:56  SCV  
  171  8:58  Siege Tank  
  171  9:00  Command Center  
  175  9:09  Terran Vehicle Weapons Level 1, Ghost Academy  
  175  9:16  Marine x2, Marauder x3  
  171  9:17  Medivac  
  171  9:18  Marine x2, Medivac  
  177  9:26  Sensor Tower  
  177  9:27  Concussive Shells  
  177  9:30  Command Center  
  177  9:33  Marauder  
  178  9:50  Marine, Marauder x3  
  178  9:51  Siege Tank x2  
  180  9:56  Command Center  
  180  9:57  Command Center  
  169  10:17  Ghost x4  
  177  10:21  Viking  
  177  10:26  Command Center  
  177  10:31  Personal Cloaking  
  177  10:34  SCV  
  178  10:43  Marine x2  
  178  10:45  Ghost  
  182  11:00  Ghost  
  182  11:01  Ghost x2  
  188  11:08  Command Center  
  188  11:10  Missile Turret  
  188  11:11  Orbital Command  
  188  11:14  Ghost  
  190  11:25  Marine x2  
  192  11:29  Marauder  
  192  11:30  Marauder  
  167  11:34  Marine  
  167  11:35  Marauder  
  167  11:36  Medivac x2  
  139  11:44  Marauder  
  139  11:46  Marine x5  
  139  11:47  Marine x2  
  128  11:51  SCV x3, Marauder x2  
  128  11:52  Marine  
  124  12:01  Planetary Fortress  
  124  12:03  SCV x3  
  127  12:12  Marine, Marauder  
  127  12:14  Marine x2, Marauder x2  
  127  12:15  SCV x2  
  138  12:16  SCV  
  138  12:18  Siege Tank  
  138  12:19  Marine x4, Marauder  
  146  12:24  Siege Tank  
  146  12:25  Refinery  
  146  12:26  Refinery  
  146  12:27  SCV x2  
  146  12:28  SCV  
  144  12:41  Marine x2  
  144  12:42  Marauder x2  
  130  12:45  Marine x3, Marauder  
  130  12:47  Marine x2  
  123  12:57  Siege Tank x2  
  129  13:03  Marauder x2  
  129  13:04  Ghost  
  133  13:07  SCV x3  
  136  13:13  Marine x2  
  136  13:14  Marine x6  
  144  13:24  Marauder  
  144  13:25  Marauder x2  
  150  13:29  Siege Tank x2  
  150  13:33  Marauder  
  157  13:46  Sensor Tower  
Show
View Real Time Build Order
Export as new Build Order

Serral Zerg - Winner!

Build Orders: Hatch First 

Get SALT Encoding   

  12  0:00  Drone  
  13  0:12  Overlord  
  13  0:16  Drone  
  14  0:30  Drone x2  
  16  0:48  Hatchery  
  15  0:51  Drone  
  15  0:54  Drone  
  17  0:58  Drone  
  18  1:09  Extractor  
  17  1:13  Spawning Pool  
  17  1:16  Drone  
  17  1:19  Drone  
  18  1:27  Drone  
  19  1:38  Drone  
  20  1:49  Drone  
  21  2:00  Queen x2  
  21  2:01  Zergling x4  
  27  2:11  Drone, Overlord  
  28  2:18  Extractor  
  28  2:22  Drone  
  28  2:23  Metabolic Boost  
  28  2:32  Hatchery  
  28  2:34  Drone  
  29  2:37  Drone  
  29  2:40  Extractor  
  29  2:41  Drone  
  30  2:46  Drone  
  32  2:51  Queen  
  32  2:56  Overlord  
  32  2:58  Drone  
  35  2:59  Drone  
  35  3:05  Overlord  
  36  3:14  Drone x4  
  36  3:18  Queen  
  42  3:21  Drone  
  42  3:24  Spore Crawler  
  43  3:27  Queen  
  43  3:33  Zergling x4  
  47  3:41  Overlord  
  47  3:43  Drone x2, Queen  
  47  3:46  Zergling x2  
  47  3:47  Drone  
  47  3:48  Drone  
  54  3:51  Drone x2  
  56  3:57  Zergling x2  
  56  3:59  Queen  
  56  4:01  Overlord  
  56  4:02  Drone  
  60  4:05  Drone  
  60  4:07  Drone x2  
  62  4:13  Queen  
  62  4:15  Overlord  
  62  4:17  Zergling x2  
  65  4:20  Overlord  
  65  4:25  Zergling x4  
  65  4:30  Overlord  
  67  4:31  Drone x2  
  67  4:32  Drone  
  67  4:34  Drone  
  67  4:35  Drone  
  72  4:38  Lair  
  72  4:41  Drone, Extractor  
  72  4:42  Drone, Baneling Nest  
  72  4:44  Drone  
  72  4:45  Drone  
  74  4:49  Drone x2  
  74  4:51  Zergling x2  
  77  4:55  Zergling x6  
  77  4:57  Drone  
  81  5:01  Drone  
  81  5:04  Drone  
  81  5:05  Drone  
  84  5:07  Spore Crawler  
  84  5:11  Drone  
  84  5:13  Drone  
  84  5:18  Queen  
  84  5:20  Drone  
  87  5:21  Drone  
  87  5:24  Drone x2  
  87  5:25  Spore Crawler, Overlord x2  
  87  5:26  Hatchery  
  87  5:28  Drone x2  
  90  5:31  Extractor  
  90  5:33  Drone x2, Extractor x2  
  89  5:36  Drone  
  89  5:38  Centrifugal Hooks  
  90  5:44  Drone x5  
  95  5:51  Overlord  
  95  5:52  Drone x2  
  95  5:55  Drone x2  
  95  5:56  Drone x2  
  95  5:57  Drone  
  102  6:00  Drone x2, Evolution Chamber x2  
  102  6:05  Drone x2  
  104  6:12  Drone x4  
  104  6:18  Hatchery  
  107  6:19  Overlord  
  107  6:22  Overlord  
  107  6:27  Zerg Ground Armor Level 1, Zerg Melee Weapons Level 1  
  107  6:28  Baneling x6  
  107  6:29  Baneling x2  
  107  6:33  Zergling x12  
  107  6:37  Zergling x2  
  107  6:38  Overlord x2  
  114  6:41  Overlord x2  
  114  6:44  Queen  
  116  6:48  Zergling x6  
  116  6:51  Drone  
  116  6:52  Overlord  
  120  6:56  Drone  
  120  6:58  Zergling x8  
  121  7:06  Zergling x2  
  121  7:07  Zergling x2  
  122  7:11  Drone  
  122  7:12  Hydralisk Den  
  122  7:13  Zergling x6  
  125  7:18  Zergling x18  
  131  7:24  Zergling x6  
  131  7:27  Drone  
  131  7:29  Hatchery  
  134  7:30  Baneling x4  
  134  7:31  Overseer  
  134  7:32  Overlord, Pneumatized Carapace  
  134  7:33  Queen  
  134  7:34  Drone x3  
  134  7:35  Zergling x4  
  141  7:37  Zergling x2  
  141  7:40  Zergling x2  
  141  7:43  Grooved Spines  
  143  7:45  Drone  
  143  7:46  Spore Crawler  
  143  7:49  Zergling x14  
  149  7:55  Zergling x12  
  155  8:00  Overlord  
  155  8:04  Baneling  
  155  8:07  Drone, Overlord  
  155  8:08  Infestation Pit  
  155  8:10  Drone x2, Extractor  
  155  8:11  Extractor  
  155  8:12  Drone x3  
  157  8:13  Drone x3  
  157  8:14  Drone  
  157  8:15  Drone x5  
  157  8:17  Spore Crawler  
  165  8:21  Overseer, Burrow  
  165  8:23  Baneling x9  
  165  8:29  Zergling x14  
  165  8:31  Spore Crawler  
  171  8:34  Drone x2  
  171  8:35  Drone  
  171  8:38  Extractor  
  171  8:39  Drone  
  171  8:40  Lurker Den  
  173  8:42  Zergling x24  
  173  8:44  Hive  
  173  8:46  Zerg Ground Armor Level 2  
  184  8:50  Zerg Melee Weapons Level 2  
  184  8:55  Muscular Augments  
  182  9:00  Drone x2  
  182  9:01  Drone x2  
  186  9:03  Zergling x14  
  186  9:04  Hatchery  
  192  9:11  Zergling x2  
  192  9:12  Zergling x20  
  192  9:18  Baneling x16  
  192  9:19  Baneling x3  
  190  9:34  Zergling x14  
  190  9:35  Zergling x6  
  187  9:48  Zergling x26  
  175  9:55  Baneling x4  
  175  9:56  Baneling x2  
  175  9:58  Zergling x2  
  175  9:59  Zergling x4  
  177  10:05  Viper x2, Seismic Spines, Adrenal Glands  
  180  10:07  Zergling x2  
  180  10:08  Zergling x22  
  180  10:12  Baneling x9  
  188  10:19  Extractor  
  188  10:20  Extractor  
  184  10:23  Spore Crawler  
  184  10:24  Drone, Spore Crawler  
  184  10:27  Drone x2  
  185  10:29  Hydralisk x3  
  185  10:30  Hydralisk x4  
  198  10:50  Hatchery  
  198  10:52  Zergling x6  
  198  10:59  Zergling x6  
  198  11:02  Adaptive Talons  
  199  11:14  Baneling x15  
  199  11:17  Zerg Missile Weapons Level 1, Zerg Ground Armor Level 3  
  199  11:18  Pathogen Glands  
  198  11:32  Zergling x14  
  188  11:33  Zergling x24  
  188  11:37  Zergling x18  
  193  11:45  Zergling x24  
  194  11:52  Zergling x4  
  191  11:58  Baneling x6  
  191  12:00  Baneling x22  
  185  12:04  Drone  
  185  12:05  Spore Crawler  
  185  12:06  Spore Crawler  
  185  12:07  Zergling x18  
  191  12:10  Baneling x27  
  191  12:11  Overseer  
  191  12:15  Neural Parasite  
  191  12:20  Zergling x16  
  191  12:22  Drone  
  186  12:41  Zergling x46  
  190  12:45  Zergling x6  
  172  12:52  Zergling x8  
  172  12:57  Zergling x6  
  179  12:58  Baneling x2  
  179  12:59  Baneling x38  
  179  13:03  Drone, Zergling x6  
  183  13:10  Baneling x21  
  183  13:12  Zergling x12  
  189  13:20  Zergling x2  
  189  13:21  Zergling x8  
  189  13:24  Drone x2  
  196  13:27  Zergling x8  
  196  13:33  Spore Crawler  
  198  13:43  Hatchery  
  198  13:46  Baneling x3  

Tags
 
Add a new tag
Caveats
  • Supply blocks, unpowered buildings, or Contaminate may cause inaccurate times.
  • Supply counts are checked every 10 seconds.